AoeStats
← A pelubi

Arabia

510028721Analyzed
3v3 RM · 3d ago on Sep 29, 2026· 41m 51s· 6 players
Game mode
Random Map
Map size
Normal (6 player)
Population
200
Speed
Normal
Resources
Standard
Victory
Conquest
Starting age
Dark Age
Ending age
Imperial Age
RankedLock teamsTeams togetherTeam positionsShared explorationLock speedFull tech treeHidden civsTurbo modeCheats
Victory
Defeat
🇺🇸 Japanese · United States
1201
+13
🇹🇷 Cumans · Türkiye
1165
+15
🇦🇷 Varangians · Argentina
1164
+15
🇦🇷 Saracens · Argentina
1199
-17
🇲🇽 Georgians · Mexico
1126
-14
🇦🇷 Franks · Argentina
1083
-12
RRORRO
8:35 Feudal Age
8:50 Feudal Age
8:53 Loom
13:43 Wheelbarrow
19:09 Castle Age
17:55 Bloodlines
20:11 Horse Collar
29:38 Husbandry
29:35 Stone Mining
31:14 Scale Barding Armor
poteytor123
6:03 Loom
8:55 Feudal Age
20:38 Double-Bit Axe
23:18 Castle Age
26:40 Gold Mining
27:20 Scale Barding Armor
29:43 Forging
29:33 Stone Mining
31:21 Husbandry
39:01 Imperial Age
37:45 Wheelbarrow
38:57 Chain Barding Armor
39:13 Iron Casting
39:07 Cavalier
40:47 Plate Barding Armor
A pelubi
6:17 Loom
9:11 Feudal Age
10:35 Double-Bit Axe
20:26 Castle Age
19:38 Fletching
21:51 Crossbowman
22:36 Thumb Ring
24:43 Padded Archer Armor
26:44 Bodkin Arrow
27:53 Gold Mining
29:09 Horse Collar
30:19 Leather Archer Armor
30:54 Wheelbarrow
37:38 Imperial Age
35:40 Ballistics
37:01 Heavy Plow
38:17 Arbalester
ConcernedApe
7:11 Loom
10:01 Feudal Age
11:15 Double-Bit Axe
17:45 Horse Collar
19:18 Town Watch
24:30 Castle Age
23:06 Wheelbarrow
23:26 Scale Barding Armor
23:32 Forging
23:49 Bloodlines
26:42 Chain Barding Armor
27:58 Iron Casting
29:09 Bow Saw
29:01 Heavy Plow
33:19 Hand Cart
37:32 Gold Mining
38:23 Steppe Husbandry
40:56 Imperial Age
39:11 Gold Shaft Mining
39:05 Town Patrol
39:37 Fletching
39:48 Padded Archer Armor
40:10 Capped Ram
41:01 Elite Steppe Lancer
42:18 Plate Barding Armor
gaurioles
3:35 Loom
10:37 Feudal Age
11:43 Double-Bit Axe
11:40 Horse Collar
21:02 Castle Age
19:21 Gold Mining
20:54 Bloodlines
22:43 Wheelbarrow
22:21 Bow Saw
21:36 Light Cavalry
23:42 Town Watch
25:04 Stone Mining
26:21 Scale Barding Armor
28:22 Elite Skirmisher
29:06 Scale Mail Armor
29:17 Forging
30:21 Squires
30:38 Chain Mail Armor
30:41 Pikeman
32:39 Heavy Plow
35:25 Iron Casting
37:37 Imperial Age
36:41 Hand Cart
37:16 Fletching
37:26 Padded Archer Armor
37:34 Thumb Ring
38:00 Arson
38:15 Bodkin Arrow
38:49 Conscription
39:36 Plate Mail Armor
39:25 Elite Samurai
41:08 Ballistics
42:29 Blast Furnace
41:32 Bracer
42:38 Kataparuto
PATO BULLRICH
4:14 Loom
10:20 Feudal Age
10:26 Man-at-Arms
13:05 Arson
17:28 Double-Bit Axe
21:33 Fletching
21:43 Horse Collar
29:13 Castle Age
30:45 Elite Skirmisher
32:13 Heavy Plow
32:26 Bodkin Arrow
33:01 Bow Saw
34:13 Padded Archer Armor
36:00 Gambesons
36:22 Scale Mail Armor
36:33 Forging
36:52 Gold Mining
39:07 Leather Archer Armor
41:34 Wheelbarrow
40:49 Town Watch
Connection lost

Rejoining the realm…

Still unreachable

The connection could not be restored.

Session expired

The server has moved on; the page needs a fresh start.